Map: Thunderbird LE

Players

SortOf - Winner!

  • Race: Zerg Zerg
  • League: Diamond
  • Spawn Location: 11:00

Astrea

  • Race: Protoss Protoss
  • Spawn Location: 5:00

Event: 2019 WCS Summer

VOD

Have the link to the VOD?

Description

Time

  • Played on: July 12, 2019, 12:32 p.m.
  • Length: 51:07

All games in this series

Show
View Real Time Build Order
Export as new Build Order

SortOf Zerg - Winner!

Build Orders: Hatch First, Lurkers, Roach Hydra 

Get SALT Encoding   

  12  0:00  Drone  
  13  0:12  Overlord  
  13  0:17  Drone  
  14  0:31  Drone x2  
  16  0:48  Hatchery  
  15  0:52  Drone  
  15  0:55  Drone  
  17  0:59  Drone  
  18  1:10  Extractor  
  17  1:15  Spawning Pool  
  17  1:16  Drone  
  17  1:20  Drone  
  18  1:28  Drone  
  19  1:38  Drone  
  20  1:46  Hatchery  
  19  1:54  Drone  
  19  2:01  Queen  
  20  2:02  Zergling x2  
  20  2:07  Drone  
  24  2:11  Overlord  
  24  2:16  Drone  
  24  2:22  Drone  
  26  2:23  Drone  
  26  2:29  Metabolic Boost  
  27  2:33  Queen  
  27  2:36  Drone  
  30  2:43  Zergling x2  
  30  2:44  Overlord  
  31  2:50  Drone  
  32  2:54  Drone x2  
  34  3:03  Drone  
  34  3:04  Queen  
  36  3:08  Drone x2  
  38  3:13  Drone  
  38  3:18  Drone x2  
  41  3:25  Queen, Overlord  
  44  3:27  Drone x2  
  44  3:33  Drone  
  46  3:37  Drone  
  46  3:38  Drone  
  46  3:40  Queen  
  50  3:44  Drone x6  
  56  3:50  Drone x2  
  56  3:55  Overlord  
  58  4:03  Lair  
  58  4:04  Extractor  
  58  4:06  Roach Warren  
  58  4:10  Overlord  
  58  4:15  Drone x6  
  62  4:18  Zergling x2  
  62  4:19  Zergling x4  
  62  4:20  Drone  
  62  4:24  Extractor, Overlord x2  
  66  4:26  Overlord  
  66  4:27  Overlord  
  65  4:31  Drone x3  
  65  4:34  Extractor  
  67  4:40  Overlord  
  67  4:42  Overlord  
  67  4:47  Roach x6  
  67  4:51  Zergling x6  
  82  4:56  Roach x2  
  82  4:58  Spine Crawler  
  85  5:02  Roach x3  
  85  5:05  Zergling x4  
  93  5:08  Ravager  
  93  5:13  Zergling x10  
  97  5:16  Roach, Overlord  
  97  5:20  Roach x2  
  101  5:23  Roach  
  98  5:29  Roach  
  98  5:30  Roach  
  98  5:31  Roach  
  98  5:34  Roach  
  96  5:36  Roach  
  96  5:38  Zergling x2  
  96  5:40  Roach  
  93  5:43  Roach  
  93  5:48  Roach  
  93  5:49  Zergling x4  
  87  5:55  Zergling x2  
  86  6:01  Zergling x4  
  87  6:04  Zergling x2  
  87  6:09  Zergling x4  
  86  6:13  Queen  
  86  6:14  Zergling x2, Queen  
  89  6:20  Drone x2, Glial Reconstitution  
  89  6:25  Queen  
  93  6:28  Drone  
  93  6:31  Drone x2  
  93  6:32  Ravager x2  
  98  6:33  Ravager  
  98  6:35  Drone  
  98  6:39  Drone  
  101  6:40  Overseer  
  101  6:45  Drone  
  102  6:49  Drone, Queen  
  105  6:59  Drone x3  
  108  7:03  Overlord  
  108  7:06  Drone  
  109  7:08  Hydralisk Den  
  109  7:09  Evolution Chamber  
  109  7:12  Drone x2  
  108  7:18  Overlord  
  108  7:22  Drone x7, Evolution Chamber  
  115  7:25  Evolution Chamber  
  115  7:31  Extractor  
  115  7:36  Overlord  
  114  7:39  Queen  
  114  7:44  Overlord  
  114  7:47  Hatchery, Extractor  
  114  7:51  Overlord  
  112  7:54  Overlord  
  112  7:57  Zerg Missile Weapons Level 1  
  112  7:59  Drone x4  
  112  8:01  Hydralisk x3, Drone x2  
  112  8:02  Lurker Den  
  112  8:04  Overseer  
  112  8:05  Hydralisk  
  125  8:07  Grooved Spines  
  125  8:13  Hydralisk x3  
  131  8:21  Hydralisk x3  
  137  8:31  Hydralisk x5  
  146  8:43  Hydralisk x3  
  152  8:48  Infestation Pit  
  152  8:53  Overlord  
  151  8:59  Drone x9  
  160  9:05  Extractor  
  160  9:07  Overlord  
  160  9:08  Overlord  
  159  9:10  Extractor  
  159  9:13  Spore Crawler  
  159  9:15  Drone x2  
  159  9:18  Muscular Augments  
  159  9:24  Drone x5  
  163  9:32  Lurker x6  
  163  9:34  Drone x4  
  163  9:38  Drone x4  
  177  9:42  Spore Crawler  
  177  9:44  Spore Crawler  
  177  9:45  Hive  
  175  9:48  Lurker  
  175  9:49  Lurker, Spore Crawler  
  175  9:50  Zergling x16  
  175  9:51  Overlord  
  183  10:04  Overlord  
  183  10:08  Zerg Missile Weapons Level 2  
  183  10:10  Spire  
  183  10:12  Overlord  
  183  10:13  Drone  
  182  10:17  Spine Crawler  
  182  10:18  Spine Crawler  
  182  10:20  Spine Crawler  
  173  10:21  Spine Crawler  
  173  10:24  Overlord  
  173  10:26  Spore Crawler  
  171  10:32  Evolution Chamber  
  171  10:35  Overlord  
  169  10:36  Zergling x26  
  179  10:50  Lurker x4  
  179  10:51  Lurker  
  182  10:59  Viper x2  
  182  11:00  Viper  
  187  11:06  Drone x3  
  184  11:18  Zergling x24  
  183  11:23  Adaptive Talons  
  183  11:25  Greater Spire  
  180  11:32  Queen  
  175  11:34  Corruptor  
  175  11:35  Corruptor x4  
  181  11:40  Queen  
  181  11:45  Hatchery  
  180  11:47  Drone  
  180  11:53  Hatchery  
  168  11:56  Overseer  
  165  12:06  Hydralisk x10  
  179  12:15  Hydralisk  
  179  12:20  Spine Crawler  
  179  12:21  Zerg Melee Weapons Level 1  
  179  12:22  Spine Crawler  
  178  12:24  Zerg Ground Armor Level 1  
  178  12:25  Viper  
  178  12:29  Hydralisk x3, Zergling x2  
  178  12:38  Brood Lord  
  178  12:43  Overlord  
  180  12:44  Zergling x6  
  180  12:45  Zergling x10  
  187  12:58  Viper  
  166  13:03  Lurker  
  166  13:04  Lurker x3  
  172  13:06  Zergling x14  
  172  13:09  Spore Crawler  
  172  13:10  Zerg Flyer Weapons Level 1  
  173  13:22  Extractor  
  173  13:24  Pneumatized Carapace  
  172  13:31  Hatchery  
  172  13:33  Hydralisk x8  
  170  13:40  Spore Crawler  
  170  13:41  Spore Crawler x2  
  174  13:44  Spore Crawler  
  174  13:47  Lurker x2, Spore Crawler x2  
  174  13:48  Lurker  
  173  13:54  Drone x12  
  185  14:03  Hatchery  
  185  14:07  Spore Crawler x2  
  177  14:15  Pathogen Glands  
  172  14:17  Drone x3  
  172  14:18  Drone  
  172  14:22  Spore Crawler x2  
  172  14:23  Brood Lord  
  172  14:24  Brood Lord x2  
  178  14:32  Queen  
  180  14:38  Brood Lord  
  180  14:39  Corruptor x2  
  186  14:49  Lurker x3  
  184  15:01  Infestor x2  
  184  15:05  Drone x8, Extractor  
  184  15:06  Extractor  
  194  15:07  Spore Crawler x2  
  194  15:08  Spore Crawler  
  194  15:13  Overseer  
  190  15:31  Brood Lord  
  190  15:32  Brood Lord  
  190  15:33  Hydralisk x2  
  198  15:38  Spore Crawler  
  198  15:39  Spore Crawler  
  198  15:40  Spore Crawler  
  198  15:42  Spore Crawler  
  194  15:43  Hydralisk x2  
  194  15:44  Zergling x2  
  187  15:59  Drone x14  
  187  16:00  Drone  
  189  16:06  Burrow  
  189  16:10  Lurker x2  
  183  16:19  Infestor x5  
  183  16:21  Neural Parasite  
  183  16:25  Overseer x2  
  193  16:26  Overseer  
  193  16:35  Spine Crawler, Spore Crawler x2  
  193  16:36  Spine Crawler  
  193  16:38  Queen  
  193  16:39  Drone x2, Spore Crawler  
  192  16:44  Corruptor x3  
  198  16:59  Corruptor  
  198  17:00  Overlord  
  200  17:06  Spine Crawler  
  197  17:16  Zerg Ground Armor Level 2, Zerg Missile Weapons Level 3  
  197  17:23  Zergling x6  
  200  17:47  Spore Crawler  
  200  17:49  Spore Crawler x3  
  200  17:50  Spore Crawler  
  191  18:02  Brood Lord x4  
  191  18:05  Hatchery  
  198  18:13  Overseer  
  198  18:20  Zergling x4  
  195  18:44  Zergling x10  
  200  18:51  Spire  
  200  18:54  Spire  
  198  19:01  Overseer x2  
  194  19:32  Zerg Melee Weapons Level 2  
  194  19:36  Hydralisk x2  
  195  19:48  Spore Crawler  
  195  19:52  Infestor x3  
  192  19:53  Spore Crawler  
  197  20:00  Spine Crawler x3  
  197  20:02  Spine Crawler  
  193  20:11  Hydralisk x3  
  193  20:12  Extractor  
  193  20:13  Extractor  
  197  20:26  Zerg Ground Armor Level 3  
  192  20:32  Infestor x3  
  194  20:44  Corruptor x6  
  194  20:47  Greater Spire, Zerg Flyer Weapons Level 2  
  194  20:49  Corruptor x4  
  198  20:58  Spore Crawler  
  198  21:01  Lurker x2  
  199  21:10  Spore Crawler  
  192  21:34  Infestor x3  
  190  22:11  Zergling x32  
  190  22:12  Zerg Melee Weapons Level 3  
  200  22:17  Spore Crawler  
  200  22:18  Zerg Flyer Armor Level 1  
  199  22:40  Zergling x2  
  194  23:13  Brood Lord x3  
  197  23:22  Queen  
  196  23:41  Brood Lord  
  198  23:55  Spine Crawler  
  197  23:56  Spine Crawler  
  197  23:57  Spine Crawler  
  197  23:59  Brood Lord, Spine Crawler x2  
  197  24:00  Brood Lord x2, Spine Crawler  
  195  24:23  Infestor x10  
  189  24:33  Lurker x3  
  189  24:37  Brood Lord x2  
  194  24:57  Zergling x2  
  194  24:58  Zergling x10  
  192  25:18  Queen x2  
  192  25:19  Zerg Flyer Armor Level 2, Zerg Flyer Weapons Level 3  
  196  25:29  Zergling x2  
  196  25:30  Zergling x12  
  192  25:52  Spore Crawler  
  188  25:57  Spine Crawler  
  188  25:59  Spine Crawler  
  188  26:00  Spore Crawler  
  188  26:01  Spine Crawler  
  188  26:02  Spore Crawler  
  188  26:03  Zergling x36  
  195  26:23  Hydralisk x2  
  199  26:29  Hatchery  
  196  26:48  Hydralisk x3  
  193  27:08  Zergling x24  
  193  27:20  Infestor x4  
  198  27:35  Lurker x4  
  184  28:09  Infestor x8  
  190  28:13  Zergling x18  
  199  28:40  Corruptor x3  
  192  28:55  Zergling x20  
  196  29:31  Hatchery  
  196  29:38  Hydralisk x3  
  165  30:04  Infestor  
  165  30:05  Infestor x3  
  162  30:07  Zergling x30  
  177  30:26  Zergling x12  
  177  30:42  Viper  
  164  30:46  Spore Crawler x2  
  164  30:47  Spore Crawler  
  164  30:48  Spore Crawler x2  
  159  30:56  Queen  
  159  30:57  Queen  
  158  31:15  Hatchery  
  157  31:22  Hydralisk x5  
  164  31:45  Queen  
  164  31:46  Queen  
  168  31:47  Drone x5  
  168  31:52  Lurker  
  156  32:22  Lurker  
  156  32:23  Lurker  
  154  32:41  Drone x6  
  160  32:48  Drone x4, Extractor, Spine Crawler x2  
  160  32:49  Drone  
  162  32:53  Spore Crawler x2  
  162  32:54  Spine Crawler  
  158  33:01  Drone x3  
  157  33:20  Hydralisk x2  
  153  33:31  Brood Lord  
  155  33:35  Extractor  
  154  33:47  Brood Lord  
  156  33:49  Lurker  
  156  33:53  Zergling x14  
  149  34:24  Hydralisk  
  149  34:25  Hydralisk x3  
  154  34:52  Brood Lord  
  154  34:53  Hatchery  
  154  34:54  Zergling x26  
  155  35:07  Infestor  
  155  35:09  Spore Crawler  
  155  35:10  Spore Crawler  
  145  35:25  Corruptor  
  147  35:32  Spore Crawler  
  131  36:01  Queen x3  
  131  36:02  Queen  
  131  36:04  Corruptor x2  
  143  36:17  Zergling x22  
  149  36:35  Brood Lord  
  149  36:41  Zergling x20  
  135  37:21  Brood Lord x2  
  139  37:23  Zergling x4, Queen x2  
  145  37:36  Spore Crawler  
  144  37:38  Zergling x24  
  155  37:48  Lurker  
  155  38:04  Hydralisk Den  
  155  38:05  Spawning Pool  
  150  38:14  Zergling x8  
  150  38:15  Hatchery  
  139  38:40  Extractor  
  136  38:46  Infestation Pit  
  136  38:48  Drone x12  
  142  39:04  Drone x3  
  138  39:21  Hydralisk x4  
  121  39:54  Zergling x4  
  121  39:55  Zergling x12  
  129  40:01  Drone  
  129  40:04  Lair  
  129  40:06  Drone  
  131  40:09  Drone  
  132  40:17  Unknown  
  132  40:18  Unknown  
  129  40:30  Hydralisk x3  
  135  40:44  Zergling x4  
  135  40:45  Zergling x14  
  144  41:03  Hydralisk x4  
  143  41:20  Hydralisk x3, Lurker Den  
  146  41:35  Hydralisk x3  
  149  41:57  Hydralisk x3  
  149  41:58  Hydralisk x2  
  152  42:10  Extractor  
  152  42:11  Extractor  
  149  42:34  Zergling x18  
  147  42:55  Lurker x3  
  147  42:56  Lurker x5  
  152  43:00  Zergling x12  
  148  43:06  Drone  
  148  43:10  Drone  
  127  43:44  Hatchery, Lurker x2  
  128  43:58  Zergling x8  
  128  44:21  Hydralisk x4  
  129  44:25  Lurker  
  130  44:36  Infestor  
  130  44:37  Infestor  
  129  45:05  Lair  
  129  45:08  Zergling x6  
  129  45:09  Spawning Pool  
  131  45:29  Zergling x2  
  131  45:54  Overlord  
  131  45:58  Overlord x2  
  131  46:11  Infestation Pit, Spore Crawler  
  118  46:28  Drone x3  
  110  46:46  Swarm Host x4  
  117  47:12  Swarm Host x4  
  127  47:28  Swarm Host x2  
  132  47:37  Swarm Host x2  
  138  47:44  Hatchery  
  137  47:54  Swarm Host x2  
  138  48:17  Swarm Host x4  
  150  48:50  Swarm Host x4  
  158  49:00  Overlord  
  158  49:01  Infestor x2  
  162  49:12  Overlord  
  162  49:28  Infestor  
  164  49:50  Hatchery  
  163  50:11  Zergling x6  
  161  50:35  Zergling x4  
Show
View Real Time Build Order
Export as new Build Order

Astrea Protoss 

Build Orders: Nexus First, Phoenix Opening, Chargelot Immortal 

Get SALT Encoding   

  12  0:00  Probe  
  13  0:12  Probe  
  14  0:18  Pylon  
  14  0:24  Probe  
  15  0:32  Probe  
  15  0:40  Probe  
  17  0:51  Probe  
  18  1:02  Nexus  
  18  1:04  Probe  
  19  1:12  Probe  
  19  1:13  Gateway  
  20  1:20  Probe  
  20  1:21  Assimilator  
  21  1:28  Assimilator  
  21  1:30  Probe  
  22  1:38  Pylon  
  22  1:42  Probe  
  23  1:56  Probe  
  23  2:00  Cybernetics Core  
  24  2:08  Probe  
  24  2:10  Probe  
  24  2:11  Zealot  
  28  2:18  Probe  
  28  2:20  Probe  
  30  2:28  Probe  
  30  2:30  Sentry  
  30  2:33  Probe  
  32  2:37  Robotics Facility  
  32  2:38  Warp Gate  
  32  2:43  Gateway  
  34  2:46  Probe  
  34  2:50  Pylon  
  35  2:52  Probe  
  35  2:55  Sentry  
  38  3:03  Probe  
  38  3:04  Probe  
  40  3:13  Immortal  
  40  3:15  Probe  
  40  3:16  Probe  
  46  3:27  Probe  
  46  3:28  Pylon  
  46  3:29  Probe  
  48  3:36  Sentry  
  48  3:39  Probe  
  48  3:40  Phoenix  
  48  3:41  Probe, Gateway x2  
  52  3:43  Warp Prism  
  52  3:53  Gateway  
  54  3:57  Sentry  
  54  4:01  Gateway  
  56  4:08  Gateway  
  56  4:13  Observer  
  56  4:17  Pylon  
  56  4:21  Pylon  
  57  4:27  Pylon  
  57  4:28  Sentry  
  57  4:31  Zealot  
  61  4:38  Pylon  
  61  4:40  Stalker  
  61  4:45  Zealot, Pylon  
  63  4:50  Stalker  
  63  4:51  Stalker  
  63  4:52  Zealot  
  70  5:03  Pylon  
  70  5:05  Zealot x3  
  70  5:06  Zealot  
  70  5:07  Sentry  
  78  5:29  Zealot x6  
  78  5:30  Zealot  
  68  5:56  Stalker  
  68  5:57  Stalker x4  
  70  6:01  Zealot x2  
  76  6:09  Probe x2  
  74  6:18  Probe  
  76  6:20  Probe  
  76  6:23  Nexus  
  76  6:25  Assimilator  
  78  6:26  Probe  
  78  6:27  Assimilator  
  78  6:30  Probe  
  80  6:38  Probe  
  81  6:42  Probe  
  81  6:44  Immortal  
  81  6:46  Probe  
  86  6:51  Forge  
  86  6:52  Twilight Council  
  86  6:54  Sentry, Probe  
  89  6:55  Probe  
  91  7:02  Pylon x2  
  91  7:04  Probe  
  92  7:13  Protoss Ground Weapons Level 1  
  92  7:15  Probe  
  93  7:19  Charge  
  93  7:21  Immortal  
  93  7:23  Probe  
  93  7:27  Probe  
  99  7:35  Probe  
  100  7:39  Probe  
  101  7:44  Probe  
  101  7:47  Probe  
  103  7:51  Probe  
  103  7:56  Probe  
  103  7:59  Assimilator, Templar Archives  
  103  8:00  Probe, Assimilator  
  103  8:01  Immortal, Gateway  
  103  8:03  Probe  
  103  8:04  Pylon  
  105  8:05  Pylon  
  105  8:08  Probe  
  105  8:12  Probe  
  111  8:13  Pylon  
  111  8:15  Probe, Pylon  
  112  8:20  Probe  
  113  8:27  Robotics Facility, Robotics Bay  
  112  8:35  Observer  
  112  8:39  Pylon  
  112  8:40  Pylon  
  113  8:52  Forge  
  113  8:55  Nexus  
  113  8:58  Pylon  
  113  9:04  Blink  
  113  9:06  Zealot x8  
  129  9:13  Disruptor  
  129  9:14  Disruptor  
  129  9:16  Pylon  
  135  9:26  Probe x3  
  135  9:27  Photon Cannon  
  135  9:30  Zealot x3  
  143  9:37  Protoss Ground Armor Level 1, Protoss Ground Weapons Level 2  
  144  9:38  Probe x3  
  144  9:42  Colossus  
  146  9:51  Probe x3  
  155  10:03  Probe  
  155  10:04  Disruptor  
  155  10:06  Stalker  
  155  10:07  Stalker x4  
  167  10:09  Probe x3  
  167  10:10  Gravitic Drive  
  169  10:15  Dark Shrine  
  169  10:17  Assimilator  
  169  10:20  Assimilator  
  167  10:28  Photon Cannon  
  167  10:31  Photon Cannon  
  167  10:36  Disruptor  
  167  10:37  Disruptor  
  167  10:42  Probe x2  
  174  10:43  Probe x2  
  172  10:58  Extended Thermal Lance  
  169  11:04  Zealot  
  169  11:05  Zealot x7  
  181  11:11  Colossus  
  181  11:14  Protoss Ground Armor Level 2  
  181  11:17  Probe  
  178  11:26  Disruptor  
  178  11:30  Shadow Stride  
  175  11:40  Stalker x8  
  187  11:51  Nexus  
  177  12:01  Colossus  
  177  12:07  Protoss Ground Weapons Level 3  
  172  12:13  Disruptor  
  174  12:29  Dark Templar x3  
  180  12:30  Dark Templar  
  180  12:36  Pylon x2  
  182  12:43  Dark Templar x2  
  181  12:58  Disruptor  
  181  13:02  Zealot x5  
  178  13:09  Photon Cannon  
  178  13:12  Photon Cannon  
  178  13:14  Photon Cannon  
  178  13:15  Photon Cannon, Zealot x3  
  178  13:17  Shield Battery  
  178  13:18  Shield Battery  
  184  13:20  Psionic Storm  
  184  13:21  Gateway  
  184  13:23  Gateway  
  184  13:24  Gateway  
  184  13:26  Gateway  
  184  13:31  Gateway  
  184  13:33  Gateway  
  172  13:40  Photon Cannon  
  170  13:44  Photon Cannon  
  170  13:45  Zealot x2, Dark Templar x2  
  170  13:46  Zealot x3, Shield Battery  
  184  13:50  Pylon  
  184  13:56  Assimilator  
  184  13:57  Assimilator  
  184  13:59  Probe x5, Protoss Ground Armor Level 3  
  179  14:18  Gravitic Boosters  
  179  14:20  Observer x2  
  181  14:35  Stalker x9  
  193  15:12  Observer  
  191  15:22  Nexus  
  191  15:24  Disruptor x2  
  182  15:47  Warp Prism x2  
  182  15:50  High Templar x2  
  182  15:51  High Templar x2  
  182  15:54  Pylon  
  182  15:56  Pylon  
  190  16:01  Probe x2  
  190  16:02  Probe x3  
  186  16:10  Dark Templar  
  186  16:11  Dark Templar x2  
  186  16:21  Zealot x7  
  200  16:27  Observer  
  200  16:31  Protoss Shields Level 1  
  200  16:32  Observer  
  198  17:09  Observer  
  190  17:25  Disruptor x2  
  194  17:33  Probe  
  194  17:37  Photon Cannon  
  198  17:38  Photon Cannon  
  198  17:40  Photon Cannon  
  198  17:42  Photon Cannon  
  195  17:45  Shield Battery  
  195  17:47  Shield Battery  
  195  17:49  Nexus  
  195  17:50  Assimilator  
  195  17:53  Assimilator  
  195  17:57  Nexus  
  189  18:00  Nexus  
  187  18:06  Pylon  
  187  18:07  Pylon  
  187  18:17  Observer  
  185  18:26  Disruptor  
  188  18:53  Photon Cannon  
  188  18:54  Photon Cannon  
  188  18:56  Photon Cannon  
  188  18:58  Photon Cannon  
  188  19:00  Photon Cannon x2, Zealot x5  
  188  19:01  Zealot  
  200  19:03  Photon Cannon  
  200  19:05  Photon Cannon  
  200  19:07  Shield Battery  
  200  19:08  Shield Battery  
  178  19:10  Pylon  
  178  19:12  Disruptor x2, Pylon  
  184  19:18  Stalker x8  
  200  19:32  Pylon  
  200  19:36  Assimilator  
  200  19:38  Assimilator  
  194  19:41  Pylon  
  192  20:07  Photon Cannon  
  192  20:08  Photon Cannon  
  192  20:09  Photon Cannon  
  192  20:11  Photon Cannon  
  192  20:13  Shield Battery  
  192  20:14  Photon Cannon  
  192  20:15  Shield Battery  
  188  20:31  Stalker x3  
  188  20:32  Stalker x3  
  196  21:16  Observer  
  194  21:19  Observer, Unknown  
  194  21:21  Unknown  
  194  21:25  Photon Cannon  
  192  21:26  Photon Cannon  
  192  21:28  Photon Cannon  
  192  21:32  Photon Cannon  
  178  21:33  Photon Cannon, High Templar x4  
  178  21:36  Photon Cannon  
  178  21:38  Photon Cannon  
  186  21:40  Photon Cannon  
  186  21:42  High Templar x4  
  186  21:43  Shield Battery  
  186  21:46  Shield Battery  
  192  21:52  Zealot x4  
  192  21:53  Zealot  
  200  22:06  Observer x2  
  193  22:39  Nexus  
  193  22:42  Dark Templar x3  
  199  22:49  Observer x2  
  188  22:58  Observer  
  188  22:59  Stalker x6  
  197  23:11  Disruptor x2  
  192  23:49  Disruptor x2  
  196  24:22  Pylon  
  181  24:28  Observer  
  178  24:32  Stalker x11  
  200  24:41  Observer, Gateway  
  200  24:42  Gateway  
  200  24:43  Gateway  
  198  24:47  Gateway  
  198  24:49  Observer x2  
  182  25:14  Disruptor  
  165  25:15  Observer  
  165  25:19  Zealot x7  
  165  25:20  Zealot x7  
  196  25:26  Photon Cannon x2  
  195  25:29  Photon Cannon  
  195  25:30  Photon Cannon  
  195  25:32  Photon Cannon  
  195  25:35  Observer  
  173  25:45  Stalker x13  
  173  25:49  Assimilator  
  199  25:52  Assimilator  
  199  25:54  Observer  
  177  26:13  High Templar x2  
  177  26:15  Stalker x10  
  199  26:33  Disruptor  
  199  26:36  Observer  
  197  26:45  Dark Templar x4  
  200  26:52  Disruptor  
  183  27:10  Nexus  
  183  27:13  Pylon  
  183  27:14  Archon  
  179  27:15  High Templar x2  
  179  27:16  Stalker x6, High Templar x2  
  195  27:34  Nexus  
  187  27:37  Pylon  
  185  27:44  Disruptor x2  
  177  28:03  Stalker x4, High Templar x3  
  177  28:04  Stalker x11  
  159  28:17  Observer x2  
  161  28:30  Stalker x12  
  161  28:31  Stalker x2  
  179  28:51  High Templar x4  
  179  28:54  Stalker x12  
  179  28:55  Stalker  
  200  29:10  Observer x2  
  200  29:16  Nexus  
  199  29:25  Unknown  
  199  29:27  Unknown  
  199  29:28  Pylon  
  172  30:01  Observer x2  
  166  30:19  Disruptor x2  
  166  30:23  Observer, Stalker x7  
  166  30:24  Stalker x8  
  166  30:26  Observer  
  194  30:29  Pylon  
  194  30:30  Observer  
  182  30:43  Nexus, Pylon x2  
  182  30:46  Unknown  
  182  30:47  Unknown  
  174  30:57  High Templar x4  
  174  31:01  Disruptor x2  
  178  31:19  Photon Cannon  
  178  31:21  Photon Cannon  
  178  31:22  Photon Cannon  
  178  31:25  Photon Cannon  
  178  31:27  Photon Cannon  
  178  31:30  Photon Cannon  
  170  31:33  Shield Battery  
  170  31:35  Shield Battery  
  170  31:43  Stalker x13  
  170  31:44  Stalker x2  
  200  32:00  Observer  
  181  32:10  Observer  
  181  32:11  Observer  
  175  32:40  Observer  
  175  32:45  Observer  
  175  32:47  High Templar, Archon  
  175  32:48  High Templar x3  
  183  33:12  Pylon  
  180  33:19  Observer  
  172  33:33  Shield Battery  
  168  33:34  Shield Battery  
  168  33:36  Stalker x14, Shield Battery  
  168  33:37  Stalker x2, Shield Battery  
  168  33:39  Shield Battery  
  200  33:42  Shield Battery  
  192  34:03  Observer  
  176  35:05  Photon Cannon  
  176  35:07  Photon Cannon  
  176  35:08  Photon Cannon  
  176  35:10  Photon Cannon  
  176  35:11  Photon Cannon  
  176  35:13  Photon Cannon  
  172  35:16  Shield Battery  
  172  35:17  Shield Battery  
  172  35:19  Shield Battery  
  172  35:21  Observer x2  
  149  36:05  Protoss Shields Level 2  
  133  36:25  Disruptor x2  
  127  36:28  Observer  
  130  36:54  Disruptor  
  123  36:59  Observer  
  118  37:04  Observer x2  
  119  37:10  Stalker x13  
  119  37:11  Stalker x5  
  119  37:14  Observer  
  156  37:33  Observer  
  156  37:34  Dark Templar x5  
  166  37:41  Disruptor x2  
  161  39:02  Dark Templar x7  
  175  39:03  Zealot x8  
  175  39:42  Stalker x8  
  175  39:43  Stalker x5  
  199  39:52  Observer x2  
  181  40:14  Observer  
  181  40:26  Observer  
  181  40:29  Stalker x3  
  181  40:30  Stalker x6  
  199  40:37  Archon  
  167  41:07  Disruptor x2  
  158  41:12  Observer  
  158  41:18  Observer  
  158  41:21  Observer  
  147  41:43  Observer x2  
  146  41:48  Protoss Shields Level 3  
  138  42:09  Zealot x2  
  138  42:10  Stalker, Zealot x8  
  138  42:11  Stalker x5  
  158  42:46  Observer  
  137  43:08  Observer  
  137  43:09  Observer  
  127  43:23  High Templar x5  
  127  43:24  Stalker x13  
  159  43:50  Disruptor x2  
  163  44:05  Archon  
  141  44:13  High Templar x3  
  143  44:26  Disruptor x2  
  143  44:57  Observer  
  143  45:12  High Templar x5  
  124  46:41  Observer  
  124  46:44  Observer  
  124  46:45  Probe  
  121  46:55  Observer  
  121  46:59  Observer  
  82  47:34  Probe  
  79  47:53  Zealot x2  
  83  48:03  Disruptor  
  84  48:39  Observer  
  71  48:48  Observer  
  69  49:20  Observer  
  67  49:32  Observer  
  67  49:35  Observer  
Tags
 
Add a new tag
Caveats
  • Supply blocks, unpowered buildings, or Contaminate may cause inaccurate times.
  • Supply counts are checked every 10 seconds.